 Dungeon Crawl Stone Soup version 0.31-a0-640-g39d97e502b (webtiles) character file.

Game seed: 6610863643068308948

442 heikuro the Shield-Bearer (level 7, -3/55 HPs)
             Began as a Formicid Fighter on Aug 28, 2023.
             Was an Initiate of Gozag.
             Slain by an ogre
             ... wielding a +0 giant spiked club
              (18 damage)
             ... on level 4 of the Dungeon.
             The game lasted 00:06:04 (2912 turns).

heikuro the Shield-Bearer (Formicid Fighter)        Turns: 2912, Time: 00:06:04

Health: -3/55      AC:  7    Str: 29    XL:     7   Next: 23%
Magic:  7/7        EV: 10    Int:  7    God:    Gozag
Gold:   278        SH:  5    Dex: 13    Spells: 6/6 levels left

rFire   . . .        a - +0 war axe
rCold   . . .        c - +0 buckler
rNeg    . . .        b - +0 scale mail
rPois   .            (helmet unavailable)
rElec   .            (no cloak)
rCorr   .            (no gloves)
SInv    +            (no boots)
Will    .....        (no amulet) Stlth
                     p - +6 ring of strength
HPRegen 0.29/turn    (no ring)
MPRegen 0.10/turn

%: no passive effects
@: no status effects
A: permanent stasis, dig shafts and tunnels, antennae 3, four strong arms
a: Dig, Shaft Self, Renounce Religion, Potion Petition, Call Merchant, Bribe
Branch


You were on level 4 of the Dungeon.
You worshipped Gozag.
Gozag was aware of your devotion.
You visited 1 branch of the dungeon, and saw 4 of its levels.

You collected 343 gold pieces.
You paid 65 gold pieces to Gozag.

Inventory:

Hand Weapons
 a - a +0 war axe (weapon)
 l - a +0 scythe
Missiles
 q - 6 poisoned darts (quivered)
Armour
 b - a +0 scale mail (worn)
 c - a +0 buckler (worn)
Jewellery
 n - a ring of fire
 p - a +6 ring of strength (left hand)
 t - an amulet of regeneration
Wands
 u - a wand of flame (23)
 v - a wand of charming (8)
Scrolls
 e - a scroll of teleportation {unknown}
 f - 2 scrolls of identify {unknown}
 g - a scroll of revelation {unknown}
 k - a scroll of blinking {unknown}
 s - a scroll of enchant armour {unknown}
Potions
 d - a potion of might
 h - a potion of heal wounds {unknown}
 i - a potion of curing {unknown}
 j - a potion of lignification {unknown}
 m - 4 potions of degeneration {unknown}
 o - 3 potions of berserk rage {unknown}
 r - a potion of resistance {unknown}
 w - a potion of enlightenment {unknown}


   Skills:
 + Level 4.7 Fighting
 * Level 4.7 Axes
 + Level 4.7 Armour
 + Level 5.6 Shields
 + Level 0.9 Evocations


You had 6 spell levels left.
You didn't know any spells.
Your spell library contained the following spells:

 Spells                   Type           Power      Damage    Failure   Level
 Magic Dart               Conj           0%         1d3       73%         1
 Necrotise                Necr           0%         1d4       73%         1
 Slow                     Hex            0%         N/A       73%         1
 Call Imp                 Summ           0%         N/A       86%         2
 Ensorcelled Hibernation  Hex/Ice        0%         N/A       86%         2
 Confusing Touch          Hex            0%         N/A       97%         3
 Mephitic Cloud           Conj/Pois/Air  0%         N/A       97%         3
 Vampiric Draining        Necr           0%         2d6       97%         3
 Anguish                  Hex/Necr       0%         N/A       100%        4
 Agony                    Necr           0%         N/A       100%        5
 Summon Forest            Summ/Tloc      0%         N/A       100%        5
 Summon Mana Viper        Hex/Summ       0%         N/A       100%        5
 Summon Cactus Giant      Summ           0%         N/A       100%        6


Dungeon Overview and Level Annotations

Branches:
Dungeon (4/15)
 Temple: D:4-7

Altars:
Ashenzari
Gozag

Shops:
D:4 *


Innate Abilities, Weirdness & Mutations

You cannot be hasted, slowed, berserked, paralysed or teleported.
You can dig through walls and to a lower floor.
You have a pair of large antennae on your head. (SInv)
Your four strong arms can wield two-handed weapons with a shield.


Message History

Aim: an ogre, wielding a +0 giant spiked club (poisoned, 72% to hit)
You throw a poisoned dart. The poisoned dart hits the ogre.
The ogre looks even sicker.
An orc wizard comes into view. It is wielding a +0 dagger of venom.
Throw: 9 darts (poison)
Press: ? - help, Q - select action, (/) - cycle Shift-Dir - straight line, f/p - ogre
Aim: an ogre, wielding a +0 giant spiked club (very poisoned, 72% to hit)
You throw a poisoned dart.
The poisoned dart barely misses the ogre.
The orc wizard shouts!
You hear a shout!
An orc comes into view. It is wielding a +0 whip.
The orc shouts!
The orc wizard casts a spell.
The orc wizard flickers and vanishes for a moment.
Throw: 8 darts (poison)
Press: ? - help, Q - select action, (/) - cycle Shift-Dir - straight line, f/p - ogre
Aim: an ogre, wielding a +0 giant spiked club (lightly wounded, poisoned, 72% to hit)
You throw a poisoned dart. The poisoned dart hits the ogre.
The ogre is lightly wounded.
An orc wizard comes into view. It is wielding a +0 dagger.
Throw: 7 darts (poison)
Press: ? - help, Q - select action, (/) - cycle Shift-Dir - straight line, f/p - ogre
Aim: an ogre, wielding a +0 giant spiked club (lightly wounded, poisoned, 72% to hit)
You throw a poisoned dart.
The poisoned dart barely misses the ogre.
You barely miss the ogre.
The ogre is lightly wounded.
The ogre hits you with a +0 giant spiked club!
You slash the ogre!
The ogre is heavily wounded.
The ogre looks more healthy.
The ogre hits you with a +0 giant spiked club!!
Ouch! That really hurt!
* * * LOW HITPOINT WARNING * * *
You hit the ogre.
The ogre is severely wounded.
The ogre hits you with a +0 giant spiked club!!
You die...
Your body crumbles into a pile of gold.

#.............. .
####.........>..,..
$......(.....###o
................... .
.∩........#.#.#.... #.##
...........o....... ....
...........o#.#.## ##.
###......o#O#.# .# ##
###.......@#.. .#
......#..#....# .#
..##...)###...#### .# ..
#....###......###.######
##.#...# #.#....#..##....
#......###........##.....
#.#.....#....#...........
# ##.##...##....##..%....
#.##...##..#####......


You could see an ogre, 2 orc wizards and an orc.

Vanquished Creatures
  Sigmund (D:2)
  An ice beast (D:3)
  Terence (D:2)
  Ijyb (D:4)
  Natasha (thrice) (D:3)
  An adder (D:2)
  2 worms (D:2)
  2 orcs
  3 ball pythons
  2 bats
  10 endoplasms
  3 giant cockroaches
  2 goblins
  2 hobgoblins
  4 jackals (D:1)
  6 quokkas
  4 frilled lizards
  3 kobolds
  4 rats
55 creatures vanquished.

Notes
Turn   | Place    | Note
-------+----------+-------------------------------------------
     0 | D:1      | heikuro the Formicid Fighter began the quest for the Orb.
     0 | D:1      | Reached XP level 1. HP: 18/18 MP: 1/1
   147 | D:1      | Found a faded altar of an unknown god.
   252 | D:1      | Reached XP level 2. HP: 24/24 MP: 2/2
   708 | D:1      | Reached XP level 3. HP: 15/29 MP: 3/3
   973 | D:2      | Noticed Sigmund
   978 | D:2      | Killed Sigmund
   979 | D:2      | Reached skill level 5 in Shields
   979 | D:2      | Reached XP level 4. HP: 27/37 MP: 4/4
   979 | D:2      | Reached XP level 5. HP: 31/42 MP: 5/5
  1331 | D:2      | Reached XP level 6. HP: 48/48 MP: 6/6
  1594 | D:2      | Noticed Terence
  1608 | D:2      | Killed Terence
  2125 | D:3      | Found an opulent altar of Gozag.
  2131 | D:3      | Became a worshipper of Gozag Ym Sagoz the Greedy
  2375 | D:3      | Noticed Natasha
  2379 | D:3      | Killed Natasha
  2525 | D:3      | Noticed an ice beast
  2539 | D:3      | Noticed Natasha
  2549 | D:3      | Killed Natasha
  2594 | D:3      | Noticed Natasha
  2603 | D:3      | Killed Natasha
  2697 | D:4      | Noticed Ijyb
  2725 | D:3      | Killed an ice beast
  2726 | D:3      | Reached XP level 7. HP: 45/55 MP: 7/7
  2777 | D:4      | Killed Ijyb
  2868 | D:4      | Found Misk's Merry Market.
  2893 | D:4      | Found a broken altar of Ashenzari.
  2912 | D:4      | Slain by an ogre

Illustrated notes

Levels and vault maps discovered:
D:1:      dpeg_arrival_another_circle, layout_basic,
          hellmonk_ecumenical_altar_inner_sanctum,
          chequers_serial_rivers_micro_a, columned_hall_lemuel
D:2:      wad_lake_hut, layout_basic, uniq_terence, uniq_sigmund
D:3:      layout_loops_ring, grunt_gozag_breadcrumbs, uniq_natasha
D:4:      layout_rooms, nicolae_ashenzari_skybound, nicolae_alphabet_shops,
          uniq_ijyb

Skill      XL: |  1  2  3  4  5  6 |
---------------+-------------------+-----
Fighting       | 4 |  4.7
Axes           | 3 4 |  4.7
Armour         | 4 |  4.7
Shields        | 5 |  5.6
Evocations     | |  0.9

Action                     |  1- 3 |  4- 6 |  7- 9 || total
---------------------------+-------+-------+-------++-------
  Melee: War axe           |    50 |   100 |    32 ||   182
         Halberd           |       |     2 |       ||     2
  Throw: Dart              |       |       |     5 ||     5
 Armour: Scale mail        |    34 |    45 |    12 ||    91
  Dodge: Dodged            |    29 |    32 |    17 ||    78
  Block: Buckler           |    19 |    27 |     8 ||    54

Table legend: (Time is in decaauts)
 A = Elapsed time spent in this place.
 B = Non-inter-level travel time spent in this place.
 C = Inter-level travel time spent in this place.
 D = Time resting spent in this place.
 E = Time spent auto-exploring this place.
 F = Levels seen in this place.
 G = Mean time per level.
                   A        B        C        D        E       F      G
               +--------+--------+--------+--------+--------+-----+--------+
         Total |   3025 |   2865 |    160 |    239 |   1741 |   4 |  756.2 |
       Dungeon |   3025 |   2865 |    160 |    239 |   1741 |   4 |  756.2 |
               +--------+--------+--------+--------+--------+-----+--------+

Top non-repeatable levels by time:
     D:1: 1011 daAuts
     D:2: 1001 daAuts
     D:3: 851 daAuts
     D:4: 161 daAuts
